Map: Acid Plant LE

Players

Alchemy

  • Race: Protoss Protoss
  • League: Gold
  • Spawn Location: 11:00

BeastMode - Winner!

  • Race: Zerg Zerg
  • League: Gold
  • Spawn Location: 5:00

VOD

Have the link to the VOD?

Description

Time

  • Played on: March 7, 2018, 8 a.m.
  • Length: 11:00
Show
View Real Time Build Order
Export as new Build Order

Alchemy Protoss 

Build Orders: 1 Gate Expand, Colossus Rush 

Get SALT Encoding   

  12  0:01  Probe  
  13  0:13  Probe  
  14  0:21  Pylon  
  14  0:25  Probe  
  15  0:39  Probe  
  16  0:47  Gateway  
  16  0:51  Probe  
  16  0:55  Assimilator  
  17  1:11  Probe  
  18  1:22  Nexus  
  18  1:23  Probe  
  19  1:31  Assimilator  
  19  1:35  Probe  
  20  1:47  Cybernetics Core  
  20  1:48  Probe  
  21  1:55  Pylon  
  21  2:00  Probe  
  22  2:13  Probe  
  23  2:16  Zealot (Chrono Boost)  
  23  2:21  Warp Gate (Chrono Boost)  
  25  2:32  Probe  
  25  2:34  Probe  
  25  2:35  Adept  
  29  2:44  Probe, Pylon  
  29  2:46  Probe (Chrono Boost)  
  31  2:53  Pylon  
  32  2:58  Probe (Chrono Boost)  
  32  3:02  Probe (Chrono Boost)  
  33  3:07  Probe (Chrono Boost)  
  33  3:10  Probe (Chrono Boost)  
  35  3:13  Probe  
  35  3:19  Robotics Facility  
  36  3:20  Probe  
  36  3:25  Probe  
  38  3:28  Adept  
  38  3:33  Probe  
  41  3:36  Gateway  
  41  3:39  Probe  
  42  3:45  Probe  
  43  3:51  Probe  
  44  3:56  Assimilator  
  44  3:57  Probe  
  45  4:04  Probe  
  45  4:08  Robotics Bay  
  45  4:09  Probe  
  47  4:11  Observer (Chrono Boost)  
  48  4:21  Probe x2  
  50  4:24  Adept  
  50  4:25  Warp Prism (Chrono Boost)  
  54  4:35  Pylon  
  54  4:39  Pylon  
  54  4:43  Assimilator  
  54  4:53  Probe, Extended Thermal Lance (Chrono Boost)  
  54  4:55  Colossus (Chrono Boost)  
  61  5:14  Nexus  
  61  5:16  Pylon  
  61  5:18  Pylon  
  61  5:25  Probe x2  
  61  5:27  Adept x2  
  66  5:37  Probe  
  66  5:40  Colossus (Chrono Boost)  
  66  5:41  Gateway  
  73  5:43  Gateway  
  73  5:52  Forge  
  73  5:54  Pylon  
  73  5:56  Probe x2  
  75  6:02  Adept x2  
  79  6:08  Probe  
  79  6:09  Probe  
  81  6:21  Probe x2  
  81  6:25  Colossus  
  89  6:43  Probe x2  
  89  6:44  Probe  
  92  6:55  Probe  
  92  6:56  Probe  
  94  7:19  Colossus (Chrono Boost), Protoss Ground Weapons Level 1 (Chrono Boost)  
  100  7:32  Adept x3  
  100  7:33  Adept  
  108  8:12  Observer (Chrono Boost)  
  109  8:19  Assimilator  
  109  8:23  Assimilator  
  109  8:36  Nexus  
  109  8:38  Pylon  
  109  8:41  Pylon  
  109  8:56  Probe x3, Immortal  
  116  9:03  Protoss Ground Armor Level 1 (Chrono Boost)  
  116  9:04  Twilight Council  
  116  9:06  Gateway  
  116  9:08  Gateway  
  116  9:11  Gateway  
  108  9:34  Probe x2  
  108  9:35  Probe  
  108  9:36  Immortal  
  111  9:46  Probe  
  100  10:03  Probe x4  
  103  10:15  Probe x2, Immortal  
  109  10:24  Probe x2  
  109  10:27  Probe x2  
  113  10:36  Probe  
Show
View Real Time Build Order
Export as new Build Order

BeastMode Zerg - Winner!

Build Orders: Pool First, Lurkers 

Get SALT Encoding   

  12  0:01  Drone  
  13  0:10  Drone  
  14  0:28  Spawning Pool  
  13  0:31  Drone  
  13  0:33  Extractor  
  13  0:38  Drone  
  14  0:45  Overlord  
  14  1:04  Drone  
  14  1:06  Drone  
  16  1:15  Zergling x2  
  16  1:17  Queen  
  19  1:18  Drone  
  20  1:26  Overlord  
  20  1:44  Drone  
  21  1:49  Drone  
  22  1:59  Lair  
  22  2:20  Hatchery  
  21  2:42  Drone  
  22  2:49  Drone x2  
  24  2:52  Hatchery  
  23  3:00  Drone x2  
  23  3:01  Hydralisk Den, Drone  
  23  3:04  Extractor  
  24  3:07  Metabolic Boost  
  24  3:16  Evolution Chamber  
  23  3:26  Drone  
  25  3:27  Drone x2  
  25  3:32  Overlord  
  26  3:45  Drone x3  
  26  3:46  Drone  
  26  3:47  Drone  
  31  4:02  Overseer  
  31  4:06  Hydralisk  
  31  4:07  Hydralisk x2  
  37  4:13  Hydralisk  
  39  4:22  Drone x3  
  39  4:23  Drone  
  43  4:25  Drone  
  43  4:28  Drone  
  45  4:35  Queen  
  47  4:47  Spore Crawler  
  46  4:56  Spore Crawler  
  46  4:58  Hydralisk x2, Spore Crawler  
  46  4:59  Hydralisk  
  50  5:15  Lurker Den  
  50  5:19  Extractor  
  50  5:20  Drone x3, Extractor  
  50  5:35  Overlord x2  
  50  5:36  Overlord x2  
  50  5:42  Spire  
  49  6:03  Drone x2  
  49  6:04  Drone x2  
  52  6:05  Drone x7  
  52  6:06  Drone  
  61  6:15  Overseer  
  61  6:21  Zerg Ground Armor Level 1  
  61  6:26  Evolution Chamber  
  61  6:28  Drone  
  61  6:29  Drone x2  
  61  6:31  Drone  
  64  6:46  Burrow  
  64  6:52  Queen  
  66  6:57  Spore Crawler x2  
  66  6:59  Spore Crawler  
  63  7:11  Infestation Pit  
  63  7:13  Drone x4  
  63  7:14  Overlord x2  
  63  7:15  Spore Crawler, Overlord  
  65  7:18  Overseer  
  65  7:28  Lurker x3  
  65  7:29  Lurker  
  69  7:34  Corruptor x2  
  73  7:37  Corruptor  
  70  8:10  Corruptor x2  
  74  8:13  Zergling x12  
  74  8:14  Zergling x6  
  83  8:43  Zerg Ground Armor Level 2  
  75  10:26  Mutalisk x5  
  75  10:27  Mutalisk  
  87  10:29  Zergling x8  
  87  10:30  Zergling x18  
  87  10:31  Zergling x10  
Tags
 
Add a new tag
Caveats
  • Supply blocks, unpowered buildings, or Contaminate may cause inaccurate times.
  • Supply counts are checked every 10 seconds.